 Dungeon Crawl Stone Soup version 0.23-a0-49-gd9f7a49 (webtiles) character file.

73 theguy1 the Chopper (level 4, -1/60 HPs)
             Began as a Hill Orc Berserker on Aug 6, 2018.
             Was a Believer of Trog.
             Succumbed to a kobold's poison
             ... on level 2 of the Dungeon.
             The game lasted 00:11:19 (1130 turns).

theguy1 the Chopper (Hill Orc Berserker)            Turns: 1130, Time: 00:11:20

Health: -1/60      AC:  5    Str: 24    XL:     4   Next: 27%
Magic:  4/4        EV: 11    Int:  7    God:    Trog [**....]
Gold:   70         SH:  0    Dex: 11    Spells: 3/3 levels left

rFire    . . .     SeeInvis .   a - +0 hand axe
rCold    . . .     Gourm    .   (no shield)
rNeg     . . .     Faith    .   h - +0 ring mail (curse)
rPois    .         Spirit   .   (no helmet)
rElec    .         Reflect  .   (no cloak)
rCorr    .         Harm     .   (no gloves)
MR       .....                  (no boots)
Stlth    ..........             (no amulet)
HPRegen  0.20/turn              i - +6 ring of slaying
MPRegen  0.09/turn              (no ring)

@: berserking, lethally poisoned (-1 -> -28), quick
A: no striking features
a: Berserk, Trog's Hand, Renounce Religion


You were on level 2 of the Dungeon.
You worshipped Trog.
Trog was pleased with you.
You were hungry.

You visited 1 branch of the dungeon, and saw 2 of its levels.

You collected 70 gold pieces.

Inventory:

Hand Weapons
 a - a +0 hand axe (weapon)
Armour
 b - a +0 animal skin
 h - a cursed +0 ring mail (worn)
Jewellery
 i - a +6 ring of slaying (left hand)
Scrolls
 d - a scroll of teleportation {unknown}
 e - 2 scrolls of magic mapping {unknown}
 j - a scroll of enchant weapon {unknown}
 k - a scroll of remove curse {unknown}
Potions
 f - a potion of curing {unknown}
Comestibles
 c - 3 rations
 g - 3 chunks of flesh


   Skills:
 + Level 4.2 Fighting
 * Level 5.2 Axes
 + Level 2.9 Armour
 + Level 2.1 Dodging


You had 3 spell levels left.
You didn't know any spells.
Your spell library was empty.

Dungeon Overview and Level Annotations

Branches:
Dungeon (2/15)

Altars:


Message History

Robin is severely wounded.
You hit the goblin.
You kill the goblin!
Trog accepts your kill.
You hear a splash.
* * * LOW HITPOINT WARNING * * *
You feel sick. Robin closely misses you.
You barely miss Robin.
Robin is severely wounded.
You hit the goblin.
You kill the goblin!
Trog accepts your kill.
* * * LOW HITPOINT WARNING * * *
You feel sick.
A goblin comes into view.
Robin closely misses you.
You slash Robin!
You kill Robin!
Trog accepts your kill.
You die...

...##≈≈# #.. .. .#
[..#≈≈≈##..##..#####.#
.#.##≈≈≈#...#........
....P≈≈≈≈≈≈......#.. .
...≈≈≈≈≈≈≈≈....#...## ..#
......≈≈≈≈≈.≈....#..# ..###
....).P(≈≈≈≈.≈≈...gg####....#
#..<.((.≈≈≈≈≈P≈)))≈..gg...#.###
##..#(.≈PP≈≈≈≈P)@≈≈≈Kggg.......
....((.≈≈≈≈≈≈≈≈≈≈)P≈≈g≈g...≈.≈.
##..##...≈.≈≈≈≈≈≈≈≈≈≈≈≈≈.P≈≈≈≈≈
##..###...≈≈≈≈≈≈≈≈≈≈≈≈≈≈≈≈≈≈≈≈≈
....# #.....≈≈≈≈≈≈≈≈≈≈≈≈≈≈≈P≈≈≈
###.####.#$.P?≈≈.≈≈≈≈≈.≈P≈≈.≈≈≈
#..###.##.........≈.....%P%.≈
#.......#.#..................
#..###.......################


You could see 2 hobgoblins, 7 goblins and a kobold.

Vanquished Creatures
  Robin (D:2)
  4 dart slugs (D:1)
  2 leopard geckos (D:1)
  5 bats (D:1)
  2 giant cockroaches (D:1)
  7 goblins
  6 hobgoblins (D:1)
  3 jackals (D:1)
  A quokka (D:2)
  4 frilled lizards (D:1)
  7 kobolds
  5 rats (D:1)
47 creatures vanquished.

Vanquished Creatures (others)
  A plant (D:2)
1 creature vanquished.

Grand Total: 48 creatures vanquished

Notes
Turn   | Place    | Note
-------+----------+-------------------------------------------
     0 | D:1      | theguy1 the Hill Orc Berserker began the quest for the Orb.
     0 | D:1      | Reached XP level 1. HP: 19/19 MP: 1/1
   232 | D:1      | Reached XP level 2. HP: 27/27 MP: 2/2
   454 | D:1      | Reached XP level 3. HP: 33/33 MP: 3/3
   655 | D:1      | Reached ** piety under Trog
   933 | D:1      | Reached skill level 5 in Axes
  1118 | D:2      | Noticed Robin
  1121 | D:2      | Reached XP level 4. HP: 14/40 MP: 4/4
  1128 | D:2      | HP: 3/60 [poisoned by a kobold]
  1129 | D:2      | HP: 1/60 [poisoned by a kobold]
  1130 | D:2      | Killed Robin
  1130 | D:2      | Succumbed to a kobold's poison

Vault maps used:
D:1:      tarquinn_simple_flora_water_c, minmay_split_cup_small
D:2:      overflow_temple_1_default, first_ration, chequers_big_river,
          uniq_crazy_yiuf_cottage, uniq_robin

Skill      XL: |  1  2  3 |
---------------+----------+-----
Fighting       | 4 |  4.2
Dodging        | 2 |  2.1
Axes           | 5 |  5.2
Armour         | |  2.9

Action                   |  1- 3 |  4- 6 || total
-------------------------+-------+-------++-------
Melee: Hand axe          |    98 |     8 ||   106
Invok: Berserk           |       |     1 ||     1
  Eat: Chunk             |     1 |       ||     1
Armor: Animal skin       |     2 |       ||     2
       Ring mail         |    34 |       ||    34
Dodge: Dodged            |    66 |     2 ||    68

Table legend:
 A = Spawn XP
 B = Non-spawn XP
 C = Spawn XP percentage of total XP
 D = Spawn monster count
 E = Non-spawn monster count
 F = Spawn count percentage of total count
 G = Total turns spent on level
                    A         B        C        D         E        F      G
               +---------+---------+-------+---------+---------+-------+---------
         Total |       0 |     105 |   0.0 |       0 |      47 |   0.0 |  1130
               +---------+---------+-------+---------+---------+-------+---------
           D:1 |       0 |      75 |   0.0 |       0 |      38 |   0.0 |  1045
           D:2 |       0 |      30 |   0.0 |       0 |       9 |   0.0 |    85
               +---------+---------+-------+---------+---------+-------+---------
